AoeStats
← Count Foxbat

Arabia

510283967Analyzed
1v1 RM · 1d ago on Sep 30, 2026· 69m 38s· 2 players
Game mode
Random Map
Map size
Tiny (2 player)
Population
200
Speed
Normal
Resources
Standard
Victory
Conquest
Starting age
Dark Age
Ending age
Imperial Age
RankedLock teamsTeams togetherTeam positionsShared explorationLock speedFull tech treeHidden civsTurbo modeCheats
Victory
Defeat
🇨🇳 Huns · China
809
+15
🇩🇪 Franks · Germany
796
-30
Count Foxbat
7:24 Loom
10:09 Feudal Age
22:55 Wheelbarrow
24:56 Castle Age
23:38 Wheelbarrow
23:21 Scale Barding Armor
25:12 Double-Bit Axe
25:45 Husbandry
26:47 Chain Barding Armor
37:40 Gambesons
37:56 Squires
37:17 Man-at-Arms
38:16 Pikeman
42:42 Imperial Age
41:09 Long Swordsman
43:41 Scale Mail Armor
43:52 Forging
43:10 Cavalier
45:09 Paladin
46:50 Two-Handed Swordsman
46:50 Halberdier
50:28 Plate Barding Armor
50:28 Iron Casting
50:08 Chain Mail Armor
55:28 Light Cavalry
55:30 Elite Skirmisher
62:08 Conscription
62:25 Hoardings
63:31 Blast Furnace
63:02 Plate Mail Armor
62:23 Fletching
62:33 Padded Archer Armor
中国人不打中国人
2:29 Loom
13:51 Feudal Age
14:16 Double-Bit Axe
14:24 Horse Collar
15:58 Wheelbarrow
16:45 Forging
16:37 Scale Mail Armor
23:15 Castle Age
22:49 Gold Mining
24:20 Bow Saw
24:29 Heavy Plow
25:23 Squires
28:40 Pikeman
30:58 Fletching
40:31 Imperial Age
39:10 Iron Casting
40:37 Chain Mail Armor
41:05 Bodkin Arrow
41:15 Husbandry
42:02 Gold Shaft Mining
42:43 Hand Cart
42:16 Town Watch
43:20 Conscription
44:19 Blast Furnace
44:36 Elite Skirmisher
44:52 Halberdier
46:06 Town Patrol
46:58 Bracer
53:27 Padded Archer Armor
57:29 Two-Man Saw
59:06 Leather Archer Armor
63:29 Scale Barding Armor
67:57 Bloodlines
68:33 Parthian Tactics
68:14 Thumb Ring
69:12 Light Cavalry
Connection lost

Rejoining the realm…

Still unreachable

The connection could not be restored.

Session expired

The server has moved on; the page needs a fresh start.